 Dungeon Crawl Stone Soup version 0.28.0-47-ge53b351184 (webtiles) character file.

Game seed: 10316605570093083377

61 Eitelfritz the Sneak (level 4, 0/27 HPs)
             Began as a Kobold Brigand on Apr 25, 2022.
             Slain by a river rat (3 damage)
             ... in a sewer.
             The game lasted 00:05:15 (2106 turns).

Eitelfritz the Sneak (Kobold Brigand)               Turns: 2106, Time: 00:05:16

Health: 0/27       AC:  3    Str:  8    XL:     4   Next: 27%
Magic:  4/4        EV: 14    Int: 12    God:
Gold:   61         SH:  0    Dex: 18    Spells: 3/3 levels left

rFire   . . .      SeeInvis .   a - +2 dagger
rCold   + . .      Faith    .   (no shield)
rNeg    . . .      Spirit   .   b - +0 robe
rPois   .          Reflect  .   (no helmet)
rElec   .          Harm     .   c - +0 cloak
rCorr   .          Rampage  .   (no gloves)
Will    .....                   (no boots)
Stlth   +++++.....              (no amulet)
HPRegen 0.09/turn               i - ring of protection from cold
MPRegen 0.09/turn               (no ring)

@: no status effects
A: small, no large weapons, nightstalker 3
a: no special abilities


You were in a sewer.
You visited 1 branch of the dungeon, and saw 3 of its levels.
You also visited: Sewer.

You collected 61 gold pieces.

Inventory:

Hand Weapons
 a - a +2 dagger (weapon)
Missiles
 d - 13 poisoned darts (quivered)
 e - 2 curare-tipped darts
Armour
 b - a +0 robe (worn)
 c - a +0 cloak (worn)
Jewellery
 i - a ring of protection from cold (left hand)
Scrolls
 f - 7 scrolls of identify {unknown}
 j - a scroll of immolation {unknown}
 k - 2 scrolls of brand weapon {unknown}
 l - a scroll of silence {unknown}
Potions
 g - a potion of attraction {unknown}
 h - a potion of lignification {unknown}


   Skills:
 + Level 2.6 Fighting
 + Level 3.3 Short Blades
 + Level 2.1 Throwing
 + Level 1.3 Dodging
 + Level 7.0 Stealth


You had 3 spell levels left.
You didn't know any spells.
Your spell library contained the following spells:

 Spells                   Type           Power      Damage    Failure   Level
 Sting                    Tmut/Pois      0%         1d3       32%         1
 Poisonous Vapours        Pois/Air       0%         N/A       45%         2
 Olgreb's Toxic Radiance  Pois           0%         N/A       97%         4


Dungeon Overview and Level Annotations

Branches:
Dungeon (3/15)              Sewer (1/1)

Altars:
Elyvilon


Innate Abilities, Weirdness & Mutations

You are small and have problems with some larger weapons.
You are completely attuned to the shadows.


Message History

The river rat bites you.
You hit the river rat but do no damage.
The river rat is lightly wounded.
The river rat closely misses you.
You hit the river rat.
The river rat is moderately wounded.
You hit the river rat but do no damage.
The river rat is moderately wounded.
The river rat misses you.
You hit the river rat but do no damage.
The river rat is moderately wounded.
The river rat misses you.
You hit the river rat but do no damage.
The river rat is lightly wounded.
The river rat bites you.
You hit the river rat but do no damage.
The river rat is lightly wounded.
The river rat barely misses you.
You barely miss the river rat.
The river rat is lightly wounded.
The river rat bites you.
You hit the river rat but do no damage.
The river rat is lightly wounded.
You hit the river rat but do no damage.
The river rat is lightly wounded.
The river rat completely misses you.
You hit the river rat.
The river rat is heavily wounded.
The river rat misses you.
You hit the river rat but do no damage.
The river rat is moderately wounded.
The river rat bites you!
You barely miss the river rat.
The river rat is moderately wounded.
The river rat bites you!
* * * LOW HITPOINT WARNING * * *
You completely miss the river rat.
The river rat is moderately wounded.
The river rat bites you.
You die...

#########
###.@r...≈###
###..†≈†≈.†≈≈≈###
#.≈.≈≈##+##...≈.#
##≈≈.### ###...#
#.≈.## #..≈ #..≈#
≈.. #.≈.## r.≈
##≈.≈### ##≈r
#.≈≈≈≈#####≈≈..


You could see a river rat.

Vanquished Creatures
  2 river rats (Sewer)
  A worm (D:2)
  4 ball pythons
  5 endoplasms
  5 giant cockroaches
  2 goblins
  3 hobgoblins (D:1)
  2 quokkas
  2 bats
  5 frilled lizards
  A kobold (D:1)
  7 rats
39 creatures vanquished.

Notes
Turn   | Place    | Note
-------+----------+-------------------------------------------
     0 | D:1      | Eitelfritz the Kobold Brigand began the quest for the Orb.
     0 | D:1      | Reached XP level 1. HP: 12/12 MP: 1/1
   147 | D:1      | Reached XP level 2. HP: 16/17 MP: 2/2
   353 | D:1      | Reached skill level 6 in Stealth
   592 | D:1      | You fall into a shaft and drop 1 floor!
   868 | D:1      | Reached XP level 3. HP: 20/22 MP: 3/3
  1141 | D:2      | Found a white marble altar of Elyvilon.
  1401 | D:2      | Found a faded altar of an unknown god.
  1962 | D:2      | Identified the +1 ring mail of Spite {Harm Str+7}
  2046 | D:3      | Found a glowing drain.
  2052 | Sewer    | Entered a sewer
  2075 | Sewer    | Reached XP level 4. HP: 27/27 MP: 4/4
  2080 | Sewer    | Reached skill level 7 in Stealth
  2106 | Sewer    | Slain by a river rat

Illustrated notes

Levels and vault maps discovered:
D:1:      dpeg_arrival_snail, layout_basic, minmay_tetromino_i2
D:2:      layout_basic, ebering_ecumenical_altar_abandoned, basic_altar,
          minmay_misc_feat_x
D:3:      layout_rooms, mainiacjoe_overflow_brackets,
          cheibrodos_sewer_entry_sluice, chequers_serial_rivers_room_b
Sewer:    sewer_hellmonk_bad_rat

Skill      XL: |  1  2  3  4 |
---------------+-------------+-----
Stealth        | 6 7 |  7.0
Short Blades   | 3 |  3.3
Fighting       | |  2.6
Throwing       | |  2.1
Dodging        | |  1.3

Action                   |  1- 3 |  4- 6 || total
-------------------------+-------+-------++-------
Melee: Dagger            |    98 |    17 ||   115
 Stab: Sleeping          |    20 |     1 ||    21
Armor: Robe              |    12 |       ||    12
Dodge: Dodged            |    50 |     8 ||    58
